 Dungeon Crawl Stone Soup version 0.21-a0-509-gecc5317 (webtiles) character file.

3246 sagitran the Carver (level 9, -3/118 HPs)
             Began as a Minotaur Berserker on Nov 27, 2017.
             Was an Elder of Trog.
             Slain by a hornet zombie (6 damage)
             ... on level 7 of the Dungeon on Nov 30, 2017.
             The game lasted 00:30:06 (6022 turns).

sagitran the Carver (Minotaur Berserker)            Turns: 6022, Time: 00:30:09

Health: -3/118     AC: 24    Str: 23      XL:     9   Next: 67%
Magic:  8/8        EV:  2    Int:  2 (4)  God:    Trog [****..]
Gold:   641        SH:  4    Dex: 12      Spells: 8/8 levels left

rFire    + . .     SeeInvis +   a - +0 falchion
rCold    x . .     Gourm    .   x - +0 buckler
rNeg     + + +     Faith    .   (armour currently unavailable)
rPois    +         Spirit   .   (helmet currently unavailable)
rElec    .         Reflect  .   (cloak currently unavailable)
rCorr    .         Harm     .   (gloves currently unavailable)
MR       .....     NoTele   +   (boots currently unavailable)
Stlth    +.........             (no amulet)
HPRegen  0.29/turn              s - ring of see invisible
MPRegen  0.11/turn              D - ring of fire

@: tree-form, berserk cooldown, slowed, very slow
A: (retaliatory headbutt)
a: Berserk, Trog's Hand, Brothers in Arms, Burn Spellbooks, Renounce Religion


You were on level 7 of the Dungeon.
You worshipped Trog.
Trog was greatly pleased with you.
You were not hungry.
You were a tree.
You visited 1 branch of the dungeon, and saw 7 of its levels.
You also visited: Sewer and Ossuary.

You collected 641 gold pieces.

Inventory:

Hand Weapons
 a - a +0 falchion (weapon)
 g - a +1 hunting sling of freezing
 u - a +0 fustibalus
Missiles
 e - 5 tomahawks (quivered)
 h - 208 stones
Armour
 c - a +1 chain mail (melded)
 j - a +0 leather armour
 o - a +2 pair of gloves (melded)
 p - a +0 scale mail
 x - a +0 buckler (worn)
Jewellery
 s - a ring of see invisible (left branch)
 y - an uncursed ring of magical power
 D - a ring of fire (right branch)
Wands
 b - a wand of flame (24)
 B - a wand of scattershot (5)
Scrolls
 q - a scroll of teleportation
 r - a scroll of immolation
 w - a scroll of remove curse
 A - a scroll of silence
Potions
 k - 2 potions of degeneration
 m - a potion of cancellation
 n - a potion of agility
 t - 2 potions of haste
 v - a potion of flight
 z - a potion of mutation {unknown}
Comestibles
 d - 3 meat rations
 i - a royal jelly
 l - 5 bread rations
 F - 2 chunks of flesh


   Skills:
 + Level 7.2 Fighting
 + Level 9.0 Long Blades
   Level 4.2 Axes
 + Level 2.2(3.8) Slings
 + Level 4.3(4.6) Throwing
 + Level 8.9 Armour
 + Level 4.6 Dodging
 + Level 0.7 Stealth
 + Level 2.4 Shields


You had 8 spell levels left.
You didn't know any spells.

Dungeon Overview and Level Annotations

Branches:
Dungeon (7/15)             Temple (0/1) D:4

Altars:
Dithmenos


Innate Abilities, Weirdness & Mutations

((You reflexively headbutt those who attack you in melee.))
((You have a pair of horns on your head.))


Message History

The hellwing is almost dead.
The hornet zombie completely misses you.
You hit the hellwing but do no damage. You headbutt the hellwing.
You kill the hellwing!
Trog accepts your kill.
Your Long Blades skill increases to level 9!
The hornet zombie barely misses you.
You are no longer berserk.
You are exhausted.
You feel yourself slow down.
Okay, then.
Okay, then.
Okay, then.
You turn into a tree.
Your +2 pair of gloves melds into your body.
Your +1 chain mail melds into your body.
Your roots penetrate the ground.
The hornet zombie hits you but does no damage.
The hornet zombie hits you.
You die...

# #.###########
#...........#
####.##.######.#
...........# #.#
#.###.##♣#### #.# #.
.. #Z# #.# .[# #.# #.#
... #.# #.# #. #(#
#.#########
#..##.######..)......#
#.$..........#########
#........###.#..##
..........>.....<#


You could see a hornet zombie.

Vanquished Creatures
  The ghost of Typee the Sneak, a novice OpEn of Kikubaaqudgha (D:6)
  A centaur zombie (D:7)
  The ghost of Salmacis the Skirmisher, a novice GrBe of Trog (D:4)
  A hellwing (D:7)
  A meliai zombie (D:7)
  Sigmund (D:2)
  An orc warrior (D:6)
  An ice beast (D:6)
  2 ogres
  3 phantoms
  A centaur (D:6)
  A crocodile (Sewer)
  An elf zombie (Ossuary)
  A bullfrog (D:6)
  A wyvern zombie (D:7)
  2 scorpions
  A water moccasin skeleton (D:5)
  A wyvern skeleton (D:7)
  3 hounds
  A bullfrog zombie (D:6)
  An orc priest (D:4)
  2 orc wizards
  A bullfrog skeleton (D:4)
  Jessica (D:2)
  An iguana (D:6)
  2 worker ants
  A hound zombie (D:5)
  A hound skeleton (D:4)
  2 mummies (Ossuary)
  2 worker ant zombies
  Robin (D:2)
  8 adders
  4 shadow imps
  3 oozes
  2 worms (D:2)
  2 dart slugs
  A leopard gecko (D:6)
  15 orcs
  3 ball pythons
  3 giant cockroaches
  16 goblins
  8 hobgoblins
  14 jackals
  2 kobolds
  4 quokkas
  10 bats
  10 frilled lizards
  3 gnoll zombies (Ossuary)
  4 goblin zombies (Ossuary)
  3 hobgoblin zombies (Ossuary)
  A leopard gecko skeleton (D:4)
  3 orc zombies (Ossuary)
  6 rats
166 creatures vanquished.

Vanquished Creatures (others)
  A dart slug (D:1)
1 creature vanquished.

Grand Total: 167 creatures vanquished

Notes
Turn   | Place    | Note
-------+----------+-------------------------------------------
     0 | D:1      | sagitran the Minotaur Berserker began the quest for the Orb.
     0 | D:1      | Reached XP level 1. HP: 19/19 MP: 0/0
   322 | D:1      | Reached skill level 4 in Long Blades
   322 | D:1      | Reached XP level 2. HP: 19/27 MP: 1/1
   794 | D:1      | Reached XP level 3. HP: 33/33 MP: 2/2
   795 | D:1      | Reached ** piety under Trog
  1386 | D:2      | Found a shadowy altar of Dithmenos.
  1609 | D:2      | Reached skill level 1 in Axes
  1610 | D:2      | Noticed Robin
  1634 | D:2      | Killed Robin
  1634 | D:2      | Reached XP level 4. HP: 33/41 MP: 3/3
  1910 | D:2      | Noticed Jessica
  1913 | D:2      | Noticed Sigmund
  1915 | D:2      | Killed Jessica
  1921 | D:2      | Killed Sigmund
  1921 | D:2      | Reached skill level 5 in Fighting
  1921 | D:2      | Reached skill level 1 in Throwing
  1921 | D:2      | Reached XP level 5. HP: 37/48 MP: 4/4
  1968 | D:2      | Reached XP level 6. HP: 52/56 MP: 5/5
  2612 | D:3      | Reached *** piety under Trog
  2674 | D:3      | Found a glowing drain.
  2678 | Sewer    | Entered a sewer
  3224 | D:4      | Found a sand-covered staircase.
  3244 | Ossuary  | Entered an ossuary
  3482 | D:4      | Reached XP level 7. HP: 46/61 MP: 6/6
  3596 | D:4      | Reached skill level 5 in Armour
  3723 | D:4      | Reached skill level 5 in Long Blades
  3783 | D:4      | Reached skill level 1 in Slings
  3912 | D:4      | Found a staircase to the Ecumenical Temple.
  3958 | D:4      | Noticed Salmacis's ghost (novice GrBe)
  3972 | D:4      | Killed Salmacis's ghost
  3972 | D:4      | Reached skill level 6 in Long Blades
  3972 | D:4      | Reached XP level 8. HP: 70/70 MP: 7/7
  4051 | D:4      | Reached **** piety under Trog
  4348 | D:5      | Entered Level 5 of the Dungeon
  4763 | D:6      | Upgraded the game from 0.21-a0-507-ga8f6b7a to 0.21-a0-509-gecc5317
  4861 | D:6      | Noticed Typee's ghost (novice OpEn)
  4916 | D:6      | Killed Typee's ghost
  4916 | D:6      | Reached skill level 7 in Long Blades
  4916 | D:6      | Reached skill level 1 in Shields
  5004 | D:6      | Reached XP level 9. HP: 21/78 MP: 8/8
  5470 | D:6      | Reached skill level 8 in Long Blades
  5762 | D:7      | Noticed a hellwing
  6014 | D:7      | HP: 3/118 [hellwing (3)]
  6016 | D:7      | HP: 1/118 [hornet zombie (2)]
  6020 | D:7      | Killed a hellwing
  6020 | D:7      | Reached skill level 9 in Long Blades
  6022 | D:7      | Slain by a hornet zombie

Vault maps used:
D:1:      minmay_arrival_loop, minmay_misc_feat_pillars
D:2:      nicolae_dithmenos_shadow_blocks, first_bread, glass_columns_a,
          minmay_misc_feat_rows, roderic_serpentine_path, uniq_jessica,
          uniq_robin, uniq_sigmund
D:3:      gup_sewer_entry_bowl
D:4:      minmay_temple_entry_mist, nicolae_ossuary_entry_ruins
D:7:      cheibrodos_grave_circle, kennysheep_mini_moat,
          minmay_misc_feat_nine_boxes
Sewer:    sewer_big_baddie
Ossuary:  minmay_ossuary_gauntlet

Skill      XL: |  1  2  3  4  5  6  7  8  9 |
---------------+----------------------------+-----
Long Blades    | 4 6 7 9 |  9.0
Fighting       | 4 5 6 7 |  7.2
Armour         | 3 4 6 7 8 |  8.9
Dodging        | 3 4 |  4.6
Axes           | 1 3 4 |  4.2
Throwing       | 1 2 4 |  4.3
Slings         | 1 2 |  2.2
Shields        | 1 2 |  2.4
Stealth        | |  0.7

Action                   |  1- 3 |  4- 6 |  7- 9 || total
-------------------------+-------+-------+-------++-------
Melee: Hand axe          |    73 |    80 |       ||   153
       Falchion          |     4 |    51 |   311 ||   366
       Headbutt          |    12 |    34 |    74 ||   120
 Fire: Hunting sling     |       |     5 |    14 ||    19
Throw: Stone             |     1 |    15 |     2 ||    18
       Tomahawk          |       |       |    32 ||    32
Invok: Berserk           |     2 |       |     2 ||     4
       Brothers in Arms  |       |       |     1 ||     1
  Use: Scroll            |     4 |     2 |     9 ||    15
       Potion            |       |       |     6 ||     6
  Eat: Bread ration      |     1 |       |       ||     1
       Chunk             |       |     6 |    11 ||    17
Armor: Animal skin       |    14 |       |       ||    14
       Chain mail        |    21 |    91 |   163 ||   275
       Skin              |       |       |     1 ||     1
Dodge: Dodged            |    71 |    91 |   134 ||   296
Block: Buckler           |       |       |    39 ||    39
       Rpst.: Falchion   |       |    11 |    32 ||    43

Table legend:
 A = Spawn XP
 B = Non-spawn XP
 C = Spawn XP percentage of total XP
 D = Spawn monster count
 E = Non-spawn monster count
 F = Spawn count percentage of total count
 G = Total turns spent on level
                    A         B        C        D         E        F      G
               +---------+---------+-------+---------+---------+-------+---------
         Total |       0 |    4638 |   0.0 |       0 |     167 |   0.0 |  6022
               +---------+---------+-------+---------+---------+-------+---------
           D:1 |       0 |      53 |   0.0 |       0 |      28 |   0.0 |  1381
           D:2 |       0 |     342 |   0.0 |       0 |      24 |   0.0 |   989
           D:3 |       0 |      54 |   0.0 |       0 |      20 |   0.0 |   660
           D:4 |       0 |     846 |   0.0 |       0 |      23 |   0.0 |   981
           D:5 |       0 |     240 |   0.0 |       0 |      11 |   0.0 |   394
           D:6 |       0 |    1714 |   0.0 |       0 |      27 |   0.0 |  1112
           D:7 |       0 |    1132 |   0.0 |       0 |      12 |   0.0 |   168
         Sewer |       0 |     106 |   0.0 |       0 |       6 |   0.0 |   115
       Ossuary |       0 |     151 |   0.0 |       0 |      16 |   0.0 |   222
               +---------+---------+-------+---------+---------+-------+---------
